AoeStats
← EeeZee3

Scandinavia

510852694Analyzed
1v1 RM · 14h ago on Oct 2, 2026· 32m 30s· 2 players
Game mode
Random Map
Map size
Tiny (2 player)
Population
200
Speed
Normal
Resources
Standard
Victory
Conquest
Starting age
Dark Age
Ending age
Imperial Age
RankedLock teamsTeams togetherTeam positionsShared explorationLock speedFull tech treeHidden civsTurbo modeCheats
Victory
Defeat
🇨🇭 Varangians · Switzerland
631
+16
🇧🇷 Saracens · Brazil
627
-30
japa2104
11:10 Loom
13:38 Feudal Age
29:15 Castle Age
31:18 Wheelbarrow
30:29 Town Watch
EeeZee3
0:27 Loom
13:32 Feudal Age
14:20 Double-Bit Axe
14:46 Horse Collar
14:58 Fishing Lines
18:49 Castle Age
18:33 Town Watch
18:45 Fletching
19:36 Stone Mining
19:38 Gold Mining
20:20 Bow Saw
23:31 Bloodlines
23:22 Husbandry
23:50 Bodkin Arrow
24:27 Squires
24:40 Gillnets
25:57 Medium Warships
25:57 Murder Holes
25:43 Treadmill Crane
27:05 Careening
27:06 Clinker Construction
28:17 Forging
28:13 Scale Barding Armor
29:34 Iron Casting
30:33 Chain Barding Armor
31:49 Ballistics
Connection lost

Rejoining the realm…

Still unreachable

The connection could not be restored.

Session expired

The server has moved on; the page needs a fresh start.